 Dungeon Crawl Stone Soup version 0.30-a0-439-g9e77e4d916 (webtiles) character file.

Game seed: 8153215445416525118

14494 Inus the Destroyer (level 12, -4/81 HPs)
             Began as a Human Conjurer on Dec 11, 2022.
             Was a Believer of Ashenzari.
             Slain by an eight-headed hydra (7 damage)
             ... on level 2 of the Lair of Beasts.
             The game lasted 01:12:37 (19139 turns).

Inus the Destroyer (Human Conjurer)                Turns: 19139, Time: 01:12:38

Health: -4/81      AC: 10    Str:  8    XL:     12   Next: 45%
Magic:  25/25      EV: 14    Int: 29    God:    Ashenzari [**....]
Gold:   770        SH:  5    Dex: 12    Spells: 8/29 levels left

rFire   . . .      SeeInvis +    b - +2 whip (flame)
rCold   . . .      Faith    .    (no shield)
rNeg    . . .      Spirit   .    J - +2 robe {Will+}
rPois   .          Reflect  +    i - +0 helmet
rElec   .          Harm     .    q - +2 cloak
rCorr   .          Rampage  .    d - +1 pair of gloves of Ashenzari's Black Moon {Elem, Comp} (curse)
Will    +....                    (no boots)
Stlth   ++........               k - amulet "Bound Discomfort" {Reflect SH+5, Cun, Comp} (curse)
HPRegen 0.33/turn                m - ring "Restrained Submission" {Int+6, Melee, Elem} (curse)
MPRegen 0.19/turn                (no ring)

@: no status effects
A: no striking features
a: Renounce Religion, Shatter the Chains


You were on level 2 of the Lair of Beasts.
You worshipped Ashenzari.
Ashenzari was pleased with you.
You visited 3 branches of the dungeon, and saw 14 of its levels.
You also visited: Bailey.

You collected 770 gold pieces.

Inventory:

Hand Weapons
 b - a +2 whip of flaming (weapon)
 p - a +4 quarterstaff of chaos
Missiles
 u - 43 poisoned darts (quivered)
Armour
 d - the cursed +1 pair of gloves of Ashenzari's Black Moon (worn) {Elem, Comp}
   (You found it on level 2 of the Dungeon)

   It has a curse which improves the following skills: Elements: Fire Magic, Ice
   Magic, Air Magic and Earth Magic.
   Companions: Summonings and Necromancy.
 i - a +0 helmet (worn)
 q - a +2 cloak (worn)
 w - a +2 robe of cold resistance
 z - +2 acid dragon scales
 J - a +2 robe of willpower (worn)
Magical Staves
 o - a staff of poison
Jewellery
 k - the cursed amulet "Bound Discomfort" (around neck) {Reflect SH+5, Cun, Comp}
   (You found it on level 4 of the Dungeon)

   [amulet of reflection]

   It reflects blocked missile attacks.
   SH:        It affects your SH (+5).
   It has a curse which improves the following skills: Cunning: Dodging and
   Stealth.
   Companions: Summonings and Necromancy.
 m - the cursed ring "Restrained Submission" (left hand) {Int+6, Melee, Elem}
   (You found it on level 1 of the Lair of Beasts)

   [ring of intelligence]

   Int:       It affects your intelligence (+6).
   It has a curse which improves the following skills: Melee Combat: Short
   Blades, Long Blades, Axes, Maces & Flails, Polearms, Staves and Unarmed
   Combat.
   Elements:  Fire Magic, Ice Magic, Air Magic and Earth Magic.
Wands
 c - a wand of roots (7)
 g - a wand of digging (6)
 t - a wand of flame (9)
 x - a wand of paralysis (5)
Scrolls
 a - 3 scrolls of identify
 e - 4 scrolls of noise
 h - 2 scrolls of fog
 l - 3 scrolls of amnesia
 r - 2 scrolls of immolation
 I - 2 scrolls of teleportation
Potions
 f - 2 potions of curing
 j - a potion of invisibility
 n - 3 potions of mutation
 s - a potion of lignification
 v - 3 potions of flight
 A - 2 potions of cancellation
 B - 5 potions of heal wounds
 D - 3 potions of magic
 E - a potion of brilliance
 F - 2 potions of resistance
 G - 2 potions of haste


   Skills:
 - Level 3.0 Fighting
 - Level 3.3(4.4) Maces & Flails
 - Level 5.0(6.2) Dodging
 - Level 2.4(3.4) Stealth
 - Level 9.0 Spellcasting
 - Level 10.0 Conjurations
 - Level 5.0 Hexes
 - Level 2.3 Translocations
 + Level 7.9(9.9) Fire Magic
 + Level 7.8(9.8) Air Magic


You had 8 spell levels left.
You knew the following spells:

 Your Spells              Type           Power      Damage    Failure   Level
a - Magic Dart            Conj           100%       1d8       1%          1
b - Searing Ray           Conj           100%       2d8       1%          2
c - Fulminant Prism       Conj/Hex       27%        3d14      1%          4
d - Iskenderun's Mystic   Conj/Tloc      48%        2d11      3%          4
e - Flame Wave            Conj/Fire      63%        2d15      1%          4
f - Conjure Ball Lightni  Conj/Air       31%        3x3d10    11%         6

Your spell library contained the following spells:

 Spells                   Type           Power      Damage    Failure   Level
 Kiss of Death            Conj/Necr      100%       2d13      1%          1
 Cigotuvi's Dreadful Rot  Necr/Pois/Air  64%        N/A       1%          2
 Poisonous Vapours        Pois/Air       82%        N/A       1%          2
 Dazzling Flash           Conj/Hex       100%       N/A       1%          3
 Kindle Blastsparks       Fire/Tloc/Air  100%       2d18      1%          3
 Mephitic Cloud           Conj/Pois/Air  51%        N/A       1%          3
 Sticky Flame             Conj/Fire      63%        2d8       1%          4
 Arcjolt                  Conj/Air       31%        1d41      1%          5
 Ensorcelled Hibernation  Hex/Ice        56%        N/A       2%          2
 Necrotise                Necr           56%        1d6       3%          1
 Summon Small Mammal      Summ           56%        N/A       3%          1
 Summon Guardian Golem    Hex/Summ       28%        N/A       4%          3
 Call Canine Familiar     Summ           14%        N/A       11%         3
 Vampiric Draining        Necr           14%        2d7       11%         3
 Spider Form              Tmut/Pois      13%        N/A       12%         3
 Anguish                  Hex/Necr       14%        N/A       14%         4
 Irradiate                Conj/Tmut      21%        3d18      14%         5
 Agony                    Necr           14%        N/A       71%         5
 Lee's Rapid Deconstruct  Erth           7%         3d6*      71%         5
 Borgnjor's Revivificati  Necr           7%         N/A       100%        8
 Necromutation            Tmut/Necr      6%         N/A       100%        8
 Chain Lightning          Conj/Air       31%        3d42      100%        9
 Death's Door             Necr           7%         N/A       100%        9


Dungeon Overview and Level Annotations

Branches:
Dungeon (11/15)            Temple (1/1) D:6            Lair (2/5) D:10
 Bailey (visited)
  Swamp: Lair:2-3    Shoals: Lair:2-3     Snake: Lair:2-3    Spider: Lair:2-3
    Orc: D:9-12

Altars:
Ashenzari
Cheibriados
Dithmenos
Elyvilon
Fedhas
Gozag
Hepliaklqana
Kikubaaqudgha
Makhleb
Nemelex Xobeh
Okawaru
Qazlal
Ru
Sif Muna
Trog
Uskayaw
Vehumet
Wu Jian
Xom
Yredelemnul
Zin
The Shining One

Shops:
D:4 *   D:6 *   D:8 (

Portals:
Trove: D:10 (give 9 potions of haste)

Annotations:
D:3 2 transporters
D:4 2 transporters
D:11 Josephine
Lair:1 1 runed translucent door, hito's ghost, journeyman DsRe


Message History

(Press . to maintain the ray.)
The water moccasin misses you.
Your fulminant prism crackles loudly.
The searing ray hits the water moccasin!
You kill the water moccasin!
Your fulminant prism explodes!
Unknown command.
An eight-headed hydra comes into view.
Okay, then.
Okay, then.
Okay, then.
Okay, then.
Casting: Searing Ray (safe; 1% risk of failure)
Confirm with . or Enter, or press ? or * to list all spells.
Okay, then.
Found a potion of curing and a scroll of identify.
Okay, then.
The eight-headed hydra bites you! x2
The eight-headed hydra bites you but does no damage.
The eight-headed hydra misses you.
The eight-headed hydra bites you but does no damage.
The eight-headed hydra misses you. x2; The eight-headed hydra bites you!
The eight-headed hydra closely misses you.
The eight-headed hydra bites you!
The eight-headed hydra barely misses you.
The eight-headed hydra bites you. The eight-headed hydra bites you!
The eight-headed hydra closely misses you.
The eight-headed hydra bites you.
The eight-headed hydra closely misses you.
The eight-headed hydra attacks as you move away!
The eight-headed hydra barely misses you.
The eight-headed hydra bites you but does no damage.
The eight-headed hydra barely misses you.
The eight-headed hydra bites you!
* * * LOW HITPOINT WARNING * * *
The eight-headed hydra bites you!
* * * LOW HITPOINT WARNING * * *
The eight-headed hydra misses you. The eight-headed hydra bites you.
* * * LOW HITPOINT WARNING * * *
The eight-headed hydra bites you!
You die...

*#.............[# #.#####......
#.........<.†..###....##......
#.........÷...................
##..........................!..
#P.............................
#................≈§≈≈..........
##...#####.#....≈§§≈§§.........
#..####........D≈≈≈§≈≈≈........
##.P#.....#...@§≈≈≈§≈≈§.......#
###.........#...≈≈≈§≈≈≈§........
#...(#.....##...≈≈≈≈≈≈§≈........
###........#.....≈≈§≈≈≈.......D#
#P..####.#.......≈≈≈≈..P.......
##..#.###.##..........PP......#
#P...............#....#.......>
#..............(...............
#.####.....P..######.#.#.##.##.


You could see an eight-headed hydra.

Vanquished Creatures
  2 two-headed ogres
  Pikel (D:4)
  Joseph (Lair:1)
  6 elephants (Lair:1)
  A cane toad (Lair:1)
  4 komodo dragons
  Maggie (D:8)
  A polar bear (Lair:2)
  Grinder (D:6)
  4 blink frogs
  Sigmund (D:6)
  A wraith (D:10)
  4 wyverns
  A shadow (D:10)
  6 yaks
  4 vampire mosquitoes (D:10)
  An acid dragon (D:11)
  3 water moccasins
  Duvessa (D:7)
  3 sky beasts (D:7)
  3 orc warriors
  An ice beast (D:6)
  A phantom (D:7)
  4 lemures (D:4)
  4 kobold brigands
  Blork the orc (D:6)
  3 necrophages
  9 bullfrogs
  4 scorpions
  18 wights
  Dowan (D:7)
  10 killer bees (D:9)
  5 electric eels
  2 howler monkeys (D:9)
  2 lava snakes (D:7)
  2 jellies (D:6)
  7 hounds
  A gnoll bouda (D:5)
  5 orc priests
  Crazy Yiuf (D:4)
  5 iguanas
  5 orc wizards
  15 gnolls
  7 adders
  2 shadow imps
  4 white imps
  2 ufetubi
  A worm (D:3)
  6 dart slugs
  39 orcs
  10 endoplasms
  6 giant cockroaches
  12 goblins
  4 hobgoblins
  23 kobolds
  A quokka (D:5)
  7 ball pythons
  10 bats
  7 frilled lizards
  4 rats
301 creatures vanquished.

Vanquished Creatures (others)
  15 ball lightnings
  9 bushes (Lair:2)
  63 fulminant prisms
  12 fungi
  47 plants
146 creatures vanquished.

Grand Total: 447 creatures vanquished

Notes
Turn   | Place    | Note
-------+----------+-------------------------------------------
     0 | D:1      | Inus the Human Conjurer began the quest for the Orb.
     0 | D:1      | Reached XP level 1. HP: 13/13 MP: 3/3
   225 | D:1      | Reached XP level 2. HP: 18/19 MP: 3/5
   579 | D:1      | Reached XP level 3. HP: 18/24 MP: 6/6
   582 | D:1      | Learned a level 2 spell: Searing Ray
   705 | D:1      | Found a faded altar of an unknown god.
  1486 | D:2      | Reached XP level 4. HP: 30/30 MP: 7/7
  1602 | D:2      | Learned a level 4 spell: Fulminant Prism
  2265 | D:3      | Noticed a scorpion
  2268 | D:3      | Found a transporter.
  2278 | D:3      | Found a transporter.
  2283 | D:3      | Noticed a kobold brigand
  2285 | D:3      | Found a radiant altar of Vehumet.
  2315 | D:3      | Found a blossoming altar of Fedhas.
  2347 | D:3      | Found a bloodstained altar of Trog.
  2497 | D:3      | Found a glowing golden altar of the Shining One.
  2651 | D:3      | Reached XP level 5. HP: 35/35 MP: 4/9
  2956 | D:4      | Found a hazy altar of Hepliaklqana.
  3075 | D:4      | Noticed Pikel
  3075 | D:4      | Noticed a lemure
  3075 | D:4      | Noticed a lemure
  3088 | D:4      | Noticed a lemure
  3366 | D:4      | Found a transporter.
  3482 | D:4      | Found a transporter.
  3509 | D:4      | Reached skill level 5 in Conjurations
  3509 | D:4      | Reached skill level 1 in Hexes
  3509 | D:4      | Reached XP level 6. HP: 33/41 MP: 1/11
  3672 | D:4      | Noticed a fire bat
  3672 | D:4      | Noticed a fire bat
  4546 | D:4      | Found Zuinlurch's Assorted Antiques.
  5085 | D:4      | Found a runed translucent door.
  5086 | D:4      | Noticed Crazy Yiuf
  5095 | D:4      | Killed Crazy Yiuf
  5285 | D:4      | Killed Pikel
  5286 | D:4      | Reached skill level 6 in Conjurations
  5286 | D:4      | Reached XP level 7. HP: 32/46 MP: 0/14
  5286 | D:4      | Reached XP level 8. HP: 36/52 MP: 0/15
  5397 | D:4      | Learned a level 4 spell: Iskenderun's Mystic Blast
  5422 | D:5      | Entered Level 5 of the Dungeon
  5797 | D:5      | Noticed a +0 hand axe
  5797 | D:5      | Noticed a +0 hand axe
  5799 | D:5      | Found a hide-covered altar of Uskayaw.
  5877 | D:5      | Reached skill level 5 in Spellcasting
  5936 | D:5      | Found an ancient bone altar of Kikubaaqudgha.
  6088 | D:6      | Noticed Maggie
  6795 | D:6      | Found a staircase to the Ecumenical Temple.
  6818 | D:6      | Reached skill level 7 in Conjurations
  6887 | D:6      | Found Ysagg's Lightly-Used Armoury.
  6945 | Temple   | Entered the Ecumenical Temple
  6945 | Temple   | Found a transporter.
  6945 | Temple   | Found a transporter.
  6947 | Temple   | Found a transporter.
  6947 | Temple   | Found a transporter.
  6997 | D:6      | Found a glowing silver altar of Zin.
  7275 | D:6      | Reached skill level 5 in Hexes
  7343 | D:6      | Reached XP level 9. HP: 57/57 MP: 14/17
  7555 | D:6      | Found a sparkling altar of Nemelex Xobeh.
  7557 | D:6      | Noticed Blork the orc
  7561 | D:6      | Killed Blork the orc
  7607 | D:6      | Found a basalt altar of Yredelemnul.
  7644 | D:6      | Reached skill level 1 in Translocations
  7741 | D:6      | Noticed Grinder
  7764 | D:6      | Killed Grinder
  7990 | D:6      | Noticed Sigmund
  8000 | D:6      | Killed Sigmund
  8370 | D:7      | Reached skill level 8 in Conjurations
  8612 | D:7      | Reached skill level 5 in Dodging
  8835 | D:7      | Reached skill level 1 in Fighting
  8899 | D:7      | Reached XP level 10. HP: 51/66 MP: 12/20
  8957 | D:7      | Noticed Dowan
  8963 | D:7      | Killed Dowan
  9530 | D:7      | Noticed Duvessa
  9567 | D:7      | Found a broken altar of Ashenzari.
  9663 | D:7      | Killed Duvessa
  9802 | D:7      | Became a worshipper of Ashenzari the Shackled
  9975 | D:7      | Reached skill level 1 in Maces & Flails
  9975 | D:7      | Reached skill level 9 in Conjurations
 10168 | D:7      | Found an ornate altar of the Wu Jian Council.
 10558 | D:8      | Killed Maggie
 10732 | D:8      | Found Kitudeov's Weapon Emporium.
 10839 | D:8      | Noticed a two-headed ogre
 10872 | D:8      | Killed a two-headed ogre
 10892 | D:8      | Found a flagged portal.
 10985 | Bailey   | Entered a bailey
 11908 | D:8      | Acquired the Tome of Damage Dealing
 11915 | D:8      | Learned a level 4 spell: Flame Wave
 11922 | D:8      | Learned a level 6 spell: Conjure Ball Lightning
 12724 | D:8      | Reached skill level 1 in Fire Magic
 12751 | D:8      | Reached skill level 1 in Air Magic
 12960 | D:9      | Reached XP level 11. HP: 75/75 MP: 18/23
 13478 | D:9      | Reached skill level 10 in Conjurations
 13926 | D:10     | Entered Level 10 of the Dungeon
 14522 | D:11     | Noticed a skeletal warrior
 14522 | D:11     | Noticed a skeletal warrior
 14522 | D:11     | Noticed a skeletal warrior
 14522 | D:11     | Noticed a skeletal warrior
 14522 | D:11     | Noticed a skeletal warrior
 14604 | D:11     | Noticed a two-headed ogre
 14611 | D:11     | Killed a two-headed ogre
 14716 | D:11     | Noticed a boulder beetle
 14725 | D:11     | Noticed Josephine
 14946 | D:10     | Found a staircase to the Lair.
 15160 | D:10     | Found an opulent altar of Gozag.
 15202 | D:10     | Found a portal to a secret trove of treasure.
 16076 | Lair:1   | Entered Level 1 of the Lair of Beasts
 16123 | Lair:1   | Noticed Joseph
 16131 | Lair:1   | Killed Joseph
 16150 | Lair:1   | Reached skill level 5 in Fire Magic
 16193 | Lair:1   | Reached skill level 5 in Air Magic
 16657 | Lair:1   | Identified the +0 ring mail "Rorewk" {Stlth+}
 16726 | Lair:1   | Reached XP level 12. HP: 81/81 MP: 19/25
 16844 | Lair:1   | Reached * piety under Ashenzari
 17056 | Lair:1   | Found a runed translucent door.
 17056 | Lair:1   | Noticed hito's ghost (journeyman DsRe)
 17056 | Lair:1   | Identified the +8 short sword "Vyot" {protect, Str+4 Int+4}
 18517 | Lair:1   | Reached ** piety under Ashenzari
 18747 | Lair:2   | Noticed a seven-headed hydra
 19106 | Lair:2   | Noticed an eight-headed hydra
 19139 | Lair:2   | HP: 3/81 [eight-headed hydra (3)]
 19139 | Lair:2   | Slain by an eight-headed hydra

Illustrated notes

Levels and vault maps discovered:
D:1:      dpeg_arrival_stone_temple_mockup, layout_basic,
          basic_ecumenical_altar, minmay_tromino_v4_a
D:2:      layout_basic, st_stairs_4, hex_large, chequers_serial_rivers_micro_d,
          nicolae_concentric_dashed_squares_wild, hangedman_decor_opposing
D:3:      layout_basic, mainiacjoe_overflow_small_starburst,
          gammafunk_temple_overflow_arena, fedhas_altar_3, tso_altar
D:4:      gammafunk_cloud_chamber, layout_basic,
          worldfamousw_hep_ancestral_shrine, serial_shops, shop, uniq_pikel,
          uniq_crazy_yiuf_cottage
D:5:      layout_loops_ring, mainiacjoe_overflow_alcove_1,
          dancing_weapons_uskayaw, hangedman_decor_growths
D:6:      layout_rooms, zin_scriptorium, mainiacjoe_overflow_big_doors,
          minmay_temple_entry_proselytizer, serial_rivers,
          chequers_serial_rivers_room_a, chequers_serial_rivers_micro_a,
          chequers_serial_rivers_micro_d, chequers_serial_rivers_micro_b,
          minmay_misc_feat_five, minmay_shop_damaged,
          kennysheep_generic_room_16, uniq_grinder, uniq_maggie, uniq_sigmund,
          uniq_blork_the_orc
D:7:      layout_gridville, nzn_wu_jian_council_hall, evilmike_ruin_ashenzari,
          kennysheep_generic_room_9, uniq_duvessa
D:8:      layout_basic, serial_corexii_hall, corexii_hall_statues_u,
          corexii_hall_statues_s, corexii_hall_statues_x,
          chequers_hall_statues_wall_a, serial_shops,
          nicolae_shop_bloodbath_and_beyond, enter_bailey_5
D:9:      layout_roguey
D:10:     layout_basic, mainiacjoe_overflow_boulevard,
          nicolae_trove_entry_crossroad, minmay_misc_feat_pillars
D:11:     layout_irregular_city, uniq_josephine
Temple:   hellmonk_temple_divided_pantheon
Lair:1:   layout_gridlike, ebering_ghost_reflecting_pool, uniq_joseph
Lair:2:   layout_regular_city, serial_bayou_pond_b,
          hangedman_lair_unloving_vines, chequers_serial_rivers_micro_b,
          minmay_hedge_maze, nicolae_quartered_pool_impasse,
          chequers_serial_rivers_marsh, hangedman_lair_generics_rect,
          infiniplex_staircase_pool

Skill      XL: |  1  2  3  4  5  6  7  8  9 10 11 12 |
---------------+-------------------------------------+-----
Dodging        | 3 5 |  5.0
Spellcasting   | 3 4 5 7 8 9 |  9.0
Conjurations   | 5 6 7 8 9 10 | 10.0
Hexes          | 1 3 5 |  5.0
Translocations | 2 |  2.3
Fighting       | 1 3 |  3.0
Maces & Flails | 3 |  3.3
Fire Magic     | 1 6 7 |  7.9
Air Magic      | 1 6 7 |  7.8
Stealth        | |  2.4

Action                   |  1- 3 |  4- 6 |  7- 9 | 10-12 || total
-------------------------+-------+-------+-------+-------++-------
Melee: Unarmed           |    52 |       |       |       ||    52
       Dagger            |    19 |    84 |       |       ||   103
       Punch             |     2 |     1 |     2 |       ||     5
       Whip              |       |       |   126 |   213 ||   339
 Cast: Magic Dart        |    59 |    43 |    47 |    43 ||   192
       Searing Ray       |     2 |    16 |    28 |    74 ||   120
       Fulminant Prism   |       |     2 |    15 |    46 ||    63
       Flame Wave        |       |       |       |    15 ||    15
       Iskenderun's Myst |       |       |       |     3 ||     3
       Conjure Ball Ligh |       |       |       |     5 ||     5
Invok: Curse Item        |       |       |       |     3 ||     3
Evoke: Wand              |       |     6 |       |    43 ||    49
  Use: Scroll            |     5 |     8 |     9 |    19 ||    41
       Potion            |     2 |     8 |     1 |     7 ||    18
 Stab: Sleeping          |       |     4 |     2 |     5 ||    11
       Paralysed         |       |     5 |       |       ||     5
Armor: Robe              |    29 |    35 |    69 |    84 ||   217
Dodge: Dodged            |    73 |    65 |   132 |   217 ||   487
Block: Other             |       |       |    35 |    78 ||   113
       Reflection        |       |       |     2 |     3 ||     5

Table legend: (Time is in decaauts)
 A = Elapsed time spent in this place.
 B = Non-inter-level travel time spent in this place.
 C = Inter-level travel time spent in this place.
 D = Time resting spent in this place.
 E = Time spent auto-exploring this place.
 F = Levels seen in this place.
 G = Mean time per level.
                   A        B        C        D        E       F      G
               +--------+--------+--------+--------+--------+-----+--------+
         Total |  19157 |  17810 |   1347 |   4632 |   9631 |  15 | 1277.1 |
       Dungeon |  15509 |  14342 |   1167 |   3330 |   8273 |  11 | 1409.9 |
        Temple |     48 |     45 |      3 |      0 |      0 |   1 |   48.0 |
          Lair |   2680 |   2503 |    177 |    874 |   1172 |   2 | 1340.0 |
        Bailey |    919 |    919 |      0 |    428 |    186 |   1 |  919.0 |
               +--------+--------+--------+--------+--------+-----+--------+

Top non-repeatable levels by time:
     D:4: 2522 daAuts
    D:10: 2387 daAuts
  Lair:1: 2300 daAuts
     D:7: 2215 daAuts
     D:6: 1671 daAuts
     D:8: 1491 daAuts
     D:5: 1134 daAuts
     D:1: 1115 daAuts
     D:9: 1032 daAuts
  Bailey: 919 daAuts
     D:2: 902 daAuts
     D:3: 879 daAuts
  Lair:2: 379 daAuts
    D:11: 155 daAuts
  Temple: 48 daAuts
